 Dungeon Crawl Stone Soup version 0.31-a0-986-g5e6e4ef867 (webtiles) character file.

Game seed: 18210770120257702279

57432 backslashecho the Severer (level 14, -5/126 HPs)
             Began as a Minotaur Fighter on Nov 6, 2023.
             Was the Champion of Fedhas.
             Slain by a sun demon (14 damage)
             ... summoned by an orc high priest
             ... on level 2 of the Orcish Mines.
             The game lasted 00:46:28 (17678 turns).

backslashecho the Severer (Minotaur Fighter)       Turns: 17678, Time: 00:46:29

Health: -5/126     AC: 13    Str: 26    XL:     14   Next: 45%
Magic:  21/21      EV: 12    Int:  5    God:    Fedhas [******]
Gold:   2671       SH:  7    Dex: 13    Spells: 13/13 levels left

rFire   . . .        a - +6 broad axe (flame)
rCold   + + .        c - +1 buckler
rNeg    . . .        J - +2 chain mail {Will+}
rPois   .            (helmet restricted)
rElec   .            (no cloak)
rCorr   +            (no gloves)
SInv    .            k - +2 pair of boots
Will    ++++.        y - amulet of Entrepreneurial Spirit {rC++ Will++ Regen+ Dex+3} Stlth
                     Q - +4 ring of slaying
HPRegen 1.21/turn    q - ring of resist corrosion
MPRegen 0.17/turn

%: no passive effects
@: corroded
A: horns 2, retaliatory headbutt
a: Renounce Religion, Wall of Briars, Grow Ballistomycete, Overgrow, Grow Oklob


You were on level 2 of the Orcish Mines.
You worshipped Fedhas.
Fedhas was exalted by your worship.
You visited 4 branches of the dungeon, and saw 19 of its levels.
You also visited: Bailey.

You collected 2671 gold pieces.

Inventory:

Hand Weapons
 a - a +6 broad axe of flaming (weapon)
 b - a +0 war axe of venom
Missiles
 l - 57 poisoned darts
 G - 15 curare-tipped darts (quivered)
 R - a throwing net
Armour
 c - a +1 buckler (worn)
 k - a +2 pair of boots (worn)
 J - a +2 chain mail of willpower (worn)
Jewellery
 h - a ring of see invisible
 j - a ring of protection from cold
 q - a ring of resist corrosion (right hand)
 s - a ring of fire
 w - a ring of flight
 y - the amulet of Entrepreneurial Spirit (around neck) {rC++ Will++ Regen+ Dex+3}
   (You acquired it on level 10 of the Dungeon)

   [amulet of regeneration]

   Dex+3:     It affects your dexterity (+3).
   rC++:      It greatly protects you from cold.
   Will++:    It greatly increases your willpower.
   Regen+:    It increases your rate of health regeneration.
 E - a +5 ring of evasion
 N - a +4 ring of protection
 Q - a +4 ring of slaying (left hand)
Wands
 d - a wand of light (4)
 n - a wand of flame (56)
 H - a wand of roots (4)
 I - a wand of polymorph (9)
 K - a wand of charming (7)
Scrolls
 e - 4 scrolls of enchant armour
 g - a scroll of fear
 i - 14 scrolls of identify
 m - 4 scrolls of immolation
 o - a scroll of brand weapon
 p - 3 scrolls of fog
 t - 4 scrolls of teleportation
 u - 2 scrolls of vulnerability
 D - a scroll of poison
 F - 3 scrolls of amnesia
Potions
 f - 5 potions of curing
 r - 4 potions of invisibility
 v - a potion of lignification
 x - a potion of magic
 z - a potion of mutation
 A - a potion of enlightenment
 B - 4 potions of cancellation
 L - a potion of haste
 M - 10 potions of ambrosia
 O - a potion of might
 T - a potion of attraction {unknown}
Miscellaneous
 P - a phial of floods


   Skills:
 - Level 12.0 Fighting
 - Level 18.0 Axes
 - Level 6.0 Throwing
 - Level 12.0 Armour
 + Level 8.4 Dodging
 - Level 9.0 Shields
 + Level 11.0 Invocations
 + Level 0.9 Evocations


You had 13 spell levels left.
You didn't know any spells.
Your spell library contained the following spells:

 Spells                   Type           Power      Damage    Failure   Level
 Blink                    Tloc           0%         N/A       97%         2
 Wereblood                Tmut           0%         N/A       97%         2
 Tukima's Dance           Hex            0%         N/A       100%        3
 Brom's Barrelling Bould  Conj/Erth      0%         2d3       100%        4
 Cause Fear               Hex            0%         N/A       100%        4
 Dimensional Bullseye     Hex/Tloc       0%         N/A       100%        4
 Manifold Assault         Tloc           0%         N/A       100%        4
 Passage of Golubria      Tloc           0%         N/A       100%        4
 Fireball                 Conj/Fire      0%         3d3       100%        5
 Irradiate                Conj/Tmut      0%         3d11      100%        5
 Iskenderun's Battlesphe  Conj           0%         2d6       100%        5
 Yara's Violent Unravell  Hex/Tmut       0%         3d3       100%        5
 Conjure Ball Lightning   Conj/Air       0%         3x3d6     100%        6
 Dispersal                Tloc           0%         N/A       100%        6
 Orb of Destruction       Conj           0%         9d5       100%        7
 Disjunction              Tloc           0%         N/A       100%        8
 Dragon's Call            Summ           0%         N/A       100%        9


Dungeon Overview and Level Annotations

Branches:
Dungeon (11/15)            Temple (1/1) D:7            Lair (5/5) D:8
 Shoals (0/4) Lair:2       Spider (0/4) Lair:2        Slime (0/5) Lair:4
    Orc (2/2) D:9             Elf (0/3) Orc:2        Bailey (visited)

Altars:
Ashenzari
Cheibriados
Dithmenos
Elyvilon
Fedhas
Gozag
Hepliaklqana
Kikubaaqudgha
Makhleb
Nemelex Xobeh
Okawaru
Qazlal
Ru
Sif Muna
Trog
Uskayaw
Vehumet
Wu Jian
Xom
Yredelemnul
Zin
The Shining One
Jiyva
Lugonu

Shops:
D:3 *

Portals:
Abyss: Lair:5

Annotations:
Lair:2 exclusion: door


Innate Abilities, Weirdness & Mutations

You have a pair of horns on your head.
You reflexively headbutt those who attack you in melee.


Message History

Item here: a throwing net.
The floor, spattered with blood.
Unknown command.
Unknown command.
The sun demon struggles against the net.
The sun demon struggles against the net. x2
The net rips apart, and the sun demon comes free!
Aiming: Fastroot
Press: ? - help, Shift-Dir - straight line, p - sun demon The roots erupt in riotous growth!
Roots grab the orc high priest.
Roots grab the orc.
Roots grab the ice devil.
Roots grab the sun demon.
The grasping roots constrict the orc.
The grasping roots constrict the orc high priest, but do no damage.
The grasping roots constrict the ice devil.
The grasping roots constrict the sun demon, but do no damage.
You hear a shout! x3
The ice devil struggles to escape constriction.
The orc struggles to escape constriction.
The sun demon escapes!
The orc high priest struggles to escape constriction.
Aiming: Bolt of Light
Press: ? - help, Shift-Dir - straight line, f - orc high priest
Aim: an orc high priest, wielding a +0 glaive and wearing a +0 ring mail (constricted by roots, 100% to hit)
The bolt of light hits the orc!!
You kill the orc!
Fedhas appreciates your contribution to the ecosystem.
The bolt of light hits the orc high priest!
The orc high priest is moderately wounded.
The orc high priest is blinded.
The grasping roots constrict the orc high priest.
The grasping roots constrict the ice devil.
The roots release their grip on the ice devil.
The orc high priest struggles to escape constriction.
You regained 2 hp, and now have 29/126 hp.
Aiming: Bolt of Light
Press: ? - help, Shift-Dir - straight line, f/p - orc high priest
Aim: an orc high priest, wielding a +0 glaive and wearing a +0 ring mail (moderately wounded, blind, constricted by roots, 100% to hit)
The bolt of light hits the sun demon.
The sun demon is moderately wounded.
The sun demon is blinded.
The bolt of light hits the orc high priest!
The orc high priest is heavily wounded.
The grasping roots constrict the orc high priest!
The roots release their grip on the orc high priest.
The ice devil barely misses you. The sun demon hits you!!
* * * LOW HITPOINT WARNING * * *
You are engulfed in flames!
You die...
Fedhas appreciates your contribution to the ecosystem.

..#....[.[.......).###....##
.......[[[.......)##.....###
.......)<[.............#.#.##
#.......[)..................#
..........[.......#.#.##.#.###
#.#............#o#...........###
#.##............)..............##
................34..............#
...............>@#........#.##.##
..................#.............#
...####........................##
######.##....................###
#......#..............#.##
##..#.....................#
#........................##
##......................##
###.....................##


You could see an orc high priest (blind), a sun demon (summoned, blind) and an
ice devil (summoned).

Vanquished Creatures
  An orc warlord (Orc:2)
  Nessos (Lair:5)
  The ghost of Zyxuithu the Black Belt, a journeyman MeSh (Lair:4)
  5 hydras
  A catoblepas (Lair:5)
  A boulder beetle (Lair:4)
  A two-headed ogre (D:8)
  4 thrashing horrors (Lair:5)
  A skyshark (Lair:3)
  A pharaoh ant (Lair:2)
  Nergalle (Orc:1)
  A large abomination (Lair:5)
  2 orc knights (Orc:1)
  2 ugly things (Lair:5)
  2 orc sorcerers (Orc:1)
  5 black mambas
  A cyclops (Orc:1)
  14 elephants
  Joseph (D:7)
  A torpor snail (Lair:5)
  3 smoke demons (Lair:5)
  A gargoyle (D:10)
  8 cane toads
  Maggie (D:8)
  2 rime drakes
  10 komodo dragons
  A queen bee (Lair:4)
  3 meliai (Lair:4)
  2 polar bears
  2 trolls (Orc:1)
  Prince Ribbit (D:9)
  2 raiju (Lair:5)
  4 dream sheep (Lair:4)
  38 blink frogs
  Sigmund (D:2)
  8 small abominations (Lair:5)
  3 wyverns
  2 spriggans (Lair:5)
  3 basilisks (Lair:5)
  A ynoxinul (Lair:5)
  A yak (shapeshifter) (Lair:5)
  27 yaks
  2 steam dragons
  A redback (Lair:2)
  A chaos spawn (Lair:5)
  4 wargs
  An acid dragon (D:10)
  18 water moccasins
  A sky beast (D:7)
  2 ice beasts
  25 orc warriors
  2 black bears (Lair:1)
  18 wolves
  8 ogres
  5 centaurs
  8 kobold brigands
  A phantom (D:5)
  A gnoll sergeant (D:7)
  8 scorpions
  18 bullfrogs
  7 wights
  20 killer bees (Lair:4)
  5 howler monkeys
  4 hounds (D:6)
  2 gnoll boudas
  10 orc priests
  7 iguanas
  9 orc wizards
  6 hell rats (Lair:2)
  6 adders
  16 gnolls
  2 white imps
  4 ufetubi
  2 dart slugs
  A worm (D:2)
  63 orcs
  4 endoplasms
  2 giant cockroaches
  5 hobgoblins
  7 jackals
  17 kobolds
  4 quokkas
  6 ball pythons
  A bat (D:2)
  5 frilled lizards
  13 goblins
  6 rats
529 creatures vanquished.

Vanquished Creatures (others)
  An arcanist (D:7)
  An oklob plant (Lair:5)
  A human (D:4)
  An orc (Orc:2)
  3 kobolds (D:9)
7 creatures vanquished.

Grand Total: 536 creatures vanquished

Notes
Turn   | Place    | Note
-------+----------+-------------------------------------------
     0 | D:1      | backslashecho the Minotaur Fighter began the quest for the
                  | Orb.
     0 | D:1      | Reached XP level 1. HP: 19/19 MP: 0/0
   268 | D:1      | Reached skill level 3 in Axes
   268 | D:1      | Reached XP level 2. HP: 27/27 MP: 1/1
   723 | D:2      | Noticed Sigmund
   773 | D:2      | Reached XP level 3. HP: 22/33 MP: 2/2
  1126 | D:2      | Reached skill level 4 in Axes
  1199 | D:2      | Reached XP level 4. HP: 40/40 MP: 3/3
  1311 | D:2      | Killed Sigmund
  1312 | D:2      | Reached skill level 5 in Axes
  1312 | D:2      | Reached skill level 5 in Shields
  1312 | D:2      | Reached XP level 5. HP: 25/47 MP: 4/4
  1790 | D:3      | Reached skill level 5 in Fighting
  2200 | D:3      | Found a sacrificial altar of Ru.
  2947 | D:3      | Found Wemolim's Assorted Antiques.
  3195 | D:4      | Found an ancient bone altar of Kikubaaqudgha.
  3200 | D:4      | Noticed a human
  3201 | D:4      | Killed a human
  3232 | D:4      | Reached XP level 6. HP: 55/56 MP: 5/5
  3452 | D:4      | Reached skill level 6 in Axes
  4328 | D:5      | Entered Level 5 of the Dungeon
  4331 | D:4      | Identified a scroll of acquirement
  4331 | D:4      | Acquired a +2 broad axe of flaming
  4404 | D:5      | Reached XP level 7. HP: 62/62 MP: 6/6
  4426 | D:5      | Reached skill level 7 in Axes
  4614 | D:5      | Reached skill level 8 in Axes
  4826 | D:5      | Reached XP level 8. HP: 57/71 MP: 7/7
  5102 | D:5      | Reached skill level 9 in Axes
  5141 | D:5      | Found a glowing silver altar of Zin.
  5887 | D:6      | Found a radiant altar of Vehumet.
  6283 | D:7      | Reached skill level 10 in Axes
  6293 | D:7      | Reached XP level 9. HP: 45/77 MP: 8/8
  6553 | D:7      | Found a staircase to the Ecumenical Temple.
  6578 | Temple   | Entered the Ecumenical Temple
  6598 | Temple   | Became a worshipper of Fedhas Madash
  6715 | D:7      | Noticed Joseph
  6744 | D:7      | Killed Joseph
  6899 | D:7      | Found a bloodstained altar of Trog.
  7133 | D:7      | Found a broken altar of Ashenzari.
  7133 | D:7      | Found an iron altar of Okawaru.
  7161 | D:7      | Noticed an arcanist
  7164 | D:7      | Killed an arcanist
  7497 | D:7      | Reached skill level 11 in Axes
  7712 | D:8      | Noticed Maggie
  7737 | D:8      | Killed Maggie
  7857 | D:8      | Reached skill level 12 in Axes
  7911 | D:8      | Reached * piety under Fedhas
  7912 | D:8      | Reached skill level 1 in Throwing
  8106 | D:8      | Reached XP level 10. HP: 75/91 MP: 9/9
  8226 | D:8      | Noticed a two-headed ogre
  8231 | D:8      | Killed a two-headed ogre
  8232 | D:8      | Reached skill level 5 in Armour
  8358 | D:8      | Found a hazy altar of Hepliaklqana.
  8465 | D:8      | Found a staircase to the Lair.
  8516 | D:9      | Identified the "Tadghirch"
  8621 | D:9      | Found a flagged portal.
  8637 | Bailey   | Entered a bailey
  8661 | Bailey   | Reached skill level 13 in Axes
  8744 | Bailey   | Identified the +9 double sword of the Bespelling Gods
                  | {heavy, *Rage rC+ Will+ Str+3}
  8861 | Bailey   | Found an iron altar of Okawaru.
  8942 | D:9      | Reached ** piety under Fedhas
  9185 | D:9      | Found a staircase to the Orcish Mines.
  9243 | D:9      | Noticed Prince Ribbit
  9261 | D:9      | Killed Prince Ribbit
  9524 | D:9      | Reached skill level 14 in Axes
  9586 | D:9      | Reached *** piety under Fedhas
 10009 | D:10     | Entered Level 10 of the Dungeon
 10162 | D:10     | Reached skill level 1 in Dodging
 10286 | D:10     | Noticed a gargoyle
 10293 | D:10     | Killed a gargoyle
 10294 | D:10     | Reached skill level 1 in Invocations
 10361 | D:10     | Found a glowing golden altar of the Shining One.
 10416 | D:10     | Found a shimmering altar of Xom.
 10886 | D:10     | Acquired the amulet of Entrepreneurial Spirit {rC++ Will++
                  | Regen+ Dex+3}
 10968 | Lair:1   | Entered Level 1 of the Lair of Beasts
 10968 | Lair:1   | Noticed a cane toad
 10980 | Lair:1   | Killed a cane toad
 10981 | Lair:1   | Reached XP level 11. HP: 88/97 MP: 9/11
 11210 | Lair:1   | Reached skill level 15 in Axes
 11347 | Lair:1   | Reached **** piety under Fedhas
 11918 | Lair:2   | Reached skill level 5 in Throwing
 11949 | Lair:2   | Reached skill level 16 in Axes
 12250 | Lair:2   | Found a hole to the Spider Nest.
 12250 | Lair:2   | Noticed a pharaoh ant
 12258 | Lair:2   | Killed a pharaoh ant
 12259 | Lair:2   | Reached skill level 5 in Invocations
 12435 | Lair:2   | Found a staircase to the Shoals.
 12974 | Lair:3   | Noticed an oklob plant
 13037 | Lair:3   | Reached XP level 12. HP: 96/102 MP: 14/14
 13043 | Lair:3   | Identified the +2 dagger of Vengeance {flame, *Rage rC+
                  | Int+5}
 13067 | Lair:3   | Noticed a seven-headed hydra
 13067 | Lair:3   | Noticed a five-headed hydra
 13069 | Lair:3   | Found the +1 robe of Vines {NoPotionHeal Regen++++}
 13080 | Lair:3   | Killed a two-headed hydra
 13083 | Lair:3   | Killed a two-headed hydra
 13160 | Lair:3   | Acquired 770 gold pieces
 13284 | Lair:3   | Reached skill level 17 in Axes
 13441 | Lair:3   | Reached ***** piety under Fedhas
 13967 | Lair:4   | Reached skill level 18 in Axes
 14023 | Lair:4   | Noticed a four-headed hydra
 14029 | Lair:4   | Killed a one-headed hydra
 14414 | Lair:4   | Found a runed translucent door.
 14422 | Lair:4   | Noticed Zyxuithu's ghost (journeyman MeSh)
 14489 | Lair:4   | Reached skill level 10 in Fighting
 14622 | Lair:4   | Reached XP level 13. HP: 89/113 MP: 18/18
 14834 | Lair:4   | Found a viscous altar of Jiyva.
 14835 | Lair:4   | Found a staircase to the Slime Pits.
 15073 | Lair:4   | Killed Zyxuithu's ghost
 15140 | Lair:5   | Entered Level 5 of the Lair of Beasts
 15161 | Lair:5   | Noticed Nessos
 15436 | Lair:5   | Killed Nessos
 15648 | Lair:5   | Reached skill level 10 in Armour
 15751 | Lair:5   | Reached ****** piety under Fedhas
 15845 | Lair:5   | Reached skill level 10 in Invocations
 16192 | Lair:5   | Reached XP level 14. HP: 107/126 MP: 20/20
 16244 | Lair:5   | Identified the +2 scale mail "Evifioss" {+Blink rF+ rCorr
                  | MP+9}
 16365 | Lair:5   | Reached skill level 5 in Dodging
 16384 | Lair:5   | Found a corrupted altar of Lugonu.
 16384 | Lair:5   | Found a one-way gate to the infinite horrors of the Abyss.
 16643 | Orc:1    | Entered Level 1 of the Orcish Mines
 16900 | Orc:1    | Noticed Nergalle
 16909 | Orc:1    | Killed Nergalle
 17220 | Orc:2    | Entered Level 2 of the Orcish Mines
 17291 | Orc:2    | Noticed an orc warlord
 17291 | Orc:2    | Found a staircase to the Elven Halls.
 17514 | Orc:2    | Killed an orc warlord
 17678 | Orc:2    | Slain by a sun demon

Illustrated notes

Levels and vault maps discovered:
D:1:      dpeg_arrival_tiny_b, layout_loops_ring
D:2:      layout_basic, corner_web_ring, uniq_sigmund
D:3:      layout_basic, nicolae_overflow_hidden_temple, serial_shops,
          nicolae_shop_window_shopping, roderic_lattice_a,
          roderic_serpentine_path
D:4:      layout_basic, tgw_kikubaaqudgha, nicolae_figureground_pulse
D:5:      layout_cave_pods, mainiacjoe_overflow_six_doors_small
D:6:      layout_basic, nicolae_vehumet_radiance, st_stairs_6,
          dreamdust_princess_bridge
D:7:      layout_basic, trog_wizard, gammafunk_temple_overflow_wave,
          temple_doors_cd, uniq_joseph
D:8:      layout_rooms, nzn_hepliaklqana_mist_gate, lair_entry_dummy,
          uniq_maggie
D:9:      layout_basic, orc_0_dummy, enter_bailey_3, special_room
          [special_room_orc], lemuel_flamethrower_2, uniq_prince_ribbit1
D:10:     layout_loops_ring, tso_metal_star, mainiacjoe_overflow_cross_hatched
D:11:     layout_small_grid, kennysheep_nub, uniq_josephine
Temple:   minmay_temple_bridge_abc
Lair:1:   layout_regular_city, st_stairs_8
Lair:2:   layout_small_grid, minmay_shoals_entry_hut,
          nicolae_spider_entry_lesser_pyramids
Lair:3:   layout_roguey, hellmonk_guarded_unrand_vines
Lair:4:   beast_lair_carwin_large_2, layout_hall_layers,
          dpeg_slime_entry_enclosed, ebering_ghost_reflecting_pool, special_room
          [special_room_bee], lemuel_fruit_tree, serial_bayou_shore_a
Lair:5:   hellmonk_lair_end_abyssal_woods, layout_long_grid, serial_rivers,
          chequers_serial_rivers_micro_d, chequers_serial_rivers_micro_e,
          chequers_serial_rivers_small_b, chequers_serial_rivers_small_b,
          chequers_serial_rivers_micro_e, chequers_serial_rivers_micro_b,
          uniq_nessos
Orc:1:    layout_diamond_mine, mines2_lemuel, uniq_nergalle
Orc:2:    grunt_orc_tribal_feast, layout_caves, mines1_david, uniq_maurice

Skill      XL: |  1  2  3  4  5  6  7  8  9 10 11 12 13 14 |
---------------+-------------------------------------------+-----
Axes           | 3 4 5 6 8 10 12 14 16 18 | 18.0
Fighting       | 4 5 6 7 9 10 12 | 12.0
Shields        | 4 5 6 7 9 |  9.0
Throwing       | 1 4 5 6 |  6.0
Armour         | 4 6 8 11 12 | 12.0
Dodging        | 1 4 8 |  8.4
Invocations    | 1 5 8 10 11 | 11.0
Evocations     | |  0.9

Action                     |  1- 3 |  4- 6 |  7- 9 | 10-12 | 13-15 || total
---------------------------+-------+-------+-------+-------+-------++-------
  Melee: War axe           |    82 |    77 |   206 |   626 |    33 ||  1024
         Headbutt          |    11 |    17 |    34 |   138 |    62 ||   262
         Broad axe         |       |       |       |    14 |   321 ||   335
  Throw: Boomerang         |       |     1 |     9 |       |       ||    10
         Dart              |       |       |       |     2 |     4 ||     6
         Throwing net      |       |       |       |       |     1 ||     1
  Evoke: Wand              |       |       |       |     6 |     5 ||    11
    Use: Potion            |       |     2 |       |       |       ||     2
         Scroll            |       |     7 |     9 |    14 |     3 ||    33
   Stab: Invisible         |       |       |       |     4 |       ||     4
         Petrified         |       |       |       |       |     2 ||     2
 Armour: Scale mail        |    52 |    70 |    94 |       |       ||   216
         Ring mail         |       |       |    47 |   288 |   131 ||   466
         Chain mail        |       |       |       |       |    67 ||    67
  Dodge: Dodged            |    30 |    52 |    71 |   348 |   172 ||   673
  Block: Buckler           |    18 |    29 |    53 |   199 |   110 ||   409

Table legend: (Time is in decaauts)
 A = Elapsed time spent in this place.
 B = Non-inter-level travel time spent in this place.
 C = Inter-level travel time spent in this place.
 D = Time resting spent in this place.
 E = Time spent auto-exploring this place.
 F = Levels seen in this place.
 G = Mean time per level.
                   A        B        C        D        E       F      G
               +--------+--------+--------+--------+--------+-----+--------+
         Total |  17562 |  16153 |   1409 |   1731 |  10689 |  20 |  878.1 |
       Dungeon |  10775 |   9918 |    857 |   1145 |   6877 |  11 |  979.5 |
        Temple |     40 |     38 |      2 |      0 |      0 |   1 |   40.0 |
          Lair |   5498 |   5092 |    406 |    453 |   3259 |   5 | 1099.6 |
  Orcish Mines |   1007 |    865 |    142 |    125 |    491 |   2 |  503.5 |
        Bailey |    239 |    239 |      0 |      7 |     61 |   1 |  239.0 |
               +--------+--------+--------+--------+--------+-----+--------+

Top non-repeatable levels by time:
     D:3: 1632 daAuts
  Lair:4: 1454 daAuts
     D:7: 1316 daAuts
     D:9: 1299 daAuts
  Lair:2: 1209 daAuts
  Lair:5: 1138 daAuts
     D:5: 1089 daAuts
     D:4: 1065 daAuts
     D:8: 963 daAuts
     D:1: 907 daAuts
  Lair:3: 859 daAuts
     D:2: 840 daAuts
  Lair:1: 835 daAuts
     D:6: 833 daAuts
   Orc:1: 822 daAuts
